 Dungeon Crawl Stone Soup version 0.25.0-26-g0c896c7088 (webtiles) character file.

Game seed: 3904200347040285071

307 Delamore the Skirmisher (level 6, -5/61 HPs)
             Began as a Gargoyle Fighter on July 5, 2020.
             Was an Initiate of Okawaru.
             Slain by Usodya's ghost (8 damage)
             ... on level 4 of the Dungeon.
             The game lasted 00:03:51 (4163 turns).

Delamore the Skirmisher (Gargoyle Fighter)          Turns: 4163, Time: 00:03:51

Health: -5/61      AC: 11    Str: 22      XL:     6   Next: 40%
Magic:  6/6        EV:  7    Int:  8      God:    Okawaru [......]
Gold:   221        SH:  8    Dex:  4 (9)  Spells: 5/5 levels left

rFire    . . .     SeeInvis .   s - +1 whip (vamp)
rCold    . . .     Gourm    .   c - +0 kite shield
rNeg     + . .     Faith    .   b - +0 scale mail
rPois    ∞         Spirit   .   (no helmet)
rElec    +         Reflect  .   (no cloak)
rCorr    .         Harm     .   (no gloves)
MR       .....                  (no boots)
Stlth    ..........             (no amulet)
HPRegen  0.20/turn              (no ring)
MPRegen  0.10/turn              (no ring)

@: mighty, berserking, starving, very quick
A: negative energy resistance 1, electricity resistance, unbreathing,
petrification resistance, rot immunity, AC +4
a: Renounce Religion


You were on level 4 of the Dungeon.
You worshipped Okawaru.
Okawaru was noncommittal.
You were starving.

You visited 1 branch of the dungeon, and saw 4 of its levels.

You collected 221 gold pieces.

Inventory:

Hand Weapons
 a - a +0 flail
 s - a +1 vampiric whip (weapon)
Missiles
 e - 40 poisoned darts (quivered)
Armour
 b - a +0 scale mail (worn)
 c - a +0 kite shield (worn)
Jewellery
 i - an uncursed ring of resist corrosion {unknown}
 t - a +6 ring of dexterity
Scrolls
 h - 5 scrolls of identify {unknown}
 o - 2 scrolls of fog {unknown}
 q - a scroll of amnesia {unknown}
Potions
 g - a potion of heal wounds {unknown}
 j - 2 potions of magic {unknown}
 k - a potion of brilliance {unknown}
 l - 2 potions of curing
 m - a potion of berserk rage
 n - a potion of mutation {unknown}
 p - a potion of ambrosia {unknown}
 r - a potion of invisibility {unknown}
Comestibles
 f - 5 rations


   Skills:
 + Level 5.9 Fighting
 + Level 4.8 Maces & Flails
 - Level 3.2 Armour
 - Level 3.2 Shields


You had 5 spell levels left.
You didn't know any spells.
Your spell library contained the following spells:

 Spells                   Type           Power        Failure   Level  Hunger
 Confusing Touch          Hex            #.......     100%        3    ####...
 Gell's Gravitas          Tloc           #.........   100%        3    ####...
 Petrify                  Tmut/Erth      #.......     100%        4    #####..
 Metabolic Englaciation   Hex/Ice        #.........   100%        5    ######.
 Yara's Violent Unravell  Hex/Tmut       #.........   100%        5    ######.


Dungeon Overview and Level Annotations

Branches:
Dungeon (4/15)             Temple (0/1) D:4

Altars:
Elyvilon
Fedhas
Nemelex Xobeh
Okawaru
Vehumet

Shops:
D:4 *

Annotations:
D:4 Usodya's ghost, novice GrMo


Innate Abilities, Weirdness & Mutations

You are resistant to torment.
Your stone body is resilient. (AC +4)
You are immune to poison.
You resist negative energy. (rN+)
You are resistant to electric shocks. (rElec)
You can survive without breathing.
You are immune to petrification.
You are immune to rotting.


Message History

You hit Usodya's ghost but do no damage.
Usodya's ghost is lightly damaged.
Usodya's ghost hits you!
* * * LOW HITPOINT WARNING * * *
It was a potion of curing.
You feel better. Usodya's ghost hits you.
* * * LOW HITPOINT WARNING * * *
It was a potion of berserk rage.
A red film seems to cover your vision as you go berserk!
You feel yourself moving faster!
You feel mighty! Usodya's ghost hits you!
* * * LOW HITPOINT WARNING * * *
You are starving!
You barely miss Usodya's ghost.
Usodya's ghost is lightly damaged.
Usodya's ghost closely misses you.
You barely miss Usodya's ghost.
Usodya's ghost is lightly damaged.
You closely miss Usodya's ghost.
Usodya's ghost is lightly damaged.
Usodya's ghost hits you!
You die...

#........#...#...#.#..###...
#........##..##.#..#....#...
#........©#.#...#.##....#...
##...###.##...$.#$#.....#...
##...#...#...#©..$#©..######
#....#...#.#...#..#..#......
#....#...##.#.....##.#......
##...#....#W..#.#..#.#......
#...'....#@..#.#..#.#......
#...#....#©......##.#......
########.###...###..#......
#...#####...##......
###.......####......
######### ##...... #.......
#....... #.......


You could see Usodya's ghost.

Vanquished Creatures
  2 quasits (D:4)
  A hound (D:4)
  An orc priest (D:4)
  Terence (D:2)
  A worker ant (D:4)
  2 adders
  An ooze (D:2)
  3 worms
  4 leopard geckos
  7 orcs
  10 bats
  5 giant cockroaches
  5 goblins
  8 hobgoblins
  11 jackals
  8 kobolds
  3 quokkas
  9 frilled lizards
  9 rats
91 creatures vanquished.

Notes
Turn   | Place    | Note
-------+----------+-------------------------------------------
     0 | D:1      | Delamore the Gargoyle Fighter began the quest for the Orb.
     0 | D:1      | Reached XP level 1. HP: 14/14 MP: 1/1
   215 | D:1      | Reached XP level 2. HP: 16/19 MP: 2/2
   551 | D:1      | Reached XP level 3. HP: 22/24 MP: 3/3
   621 | D:1      | Reached skill level 4 in Fighting
  1472 | D:2      | Reached XP level 4. HP: 21/30 MP: 4/4
  1866 | D:2      | Noticed Terence
  1903 | D:2      | Found an iron altar of Okawaru.
  2734 | D:2      | Killed Terence
  2734 | D:2      | Reached skill level 5 in Fighting
  2734 | D:2      | Reached XP level 5. HP: 29/35 MP: 5/5
  2792 | D:2      | Became a worshipper of Warmaster Okawaru
  3005 | D:4      | Found Piott's General Store.
  3356 | D:4      | Found a staircase to the Ecumenical Temple.
  3447 | D:4      | Found a white marble altar of Elyvilon.
  3450 | D:4      | Found a blossoming altar of Fedhas.
  3453 | D:4      | Found a sparkling altar of Nemelex Xobeh.
  3467 | D:4      | Found a transporter.
  3472 | D:4      | Noticed Usodya's ghost (novice GrMo)
  3559 | D:4      | Found a transporter.
  3843 | D:4      | Found a radiant altar of Vehumet.
  3878 | D:4      | Reached XP level 6. HP: 39/41 MP: 6/6
  4154 | D:4      | HP: 1/41 [Usodya's ghost (7)]
  4160 | D:4      | HP: 3/61 [Usodya's ghost (10)]
  4163 | D:4      | Slain by Usodya's ghost

Illustrated notes

Levels and vault maps discovered:
D:1:      onia_arrival_pyramid, layout_basic
D:2:      layout_rooms, nicolae_overflow_hidden_temple, first_ration,
          uniq_terence
D:3:      layout_basic
D:4:      layout_gridville, grunt_temple_overflow_diamond, lemuel_round_altar,
          minmay_temple_entry_statues, serial_shops, nicolae_shop_trees,
          gammafunk_ghost_stat_death

Skill      XL: |  1  2  3  4  5 |
---------------+----------------+-----
Fighting       | 4 5 |  5.9
Maces & Flails | 3 4 |  4.8
Armour         | |  3.2
Shields        | |  3.2

Action                   |  1- 3 |  4- 6 || total
-------------------------+-------+-------++-------
Melee: Flail             |   173 |   152 ||   325
       Whip              |       |    83 ||    83
  Use: Potion            |       |     3 ||     3
  Eat: Chunk             |     2 |     7 ||     9
Armor: Scale mail        |   157 |   175 ||   332
Dodge: Dodged            |    74 |   100 ||   174
Block: Kite shield       |   122 |   143 ||   265
